 Dungeon Crawl Stone Soup version 0.31-a0-876-gfe8ebadbca (webtiles) character file.

Game seed: 253608229597801858

233016 croobank the Bludgeoner (level 19, -1/137 HPs)
             Began as a Gnoll Delver on Oct 13, 2023.
             Was the Champion of Hepliaklqana.
             Hit by a silver javelin thrown by a merfolk javelineer (12 damage)
             ... on level 4 of the Shoals.
             The game lasted 03:59:06 (45603 turns).

croobank the Bludgeoner (Gnoll Delver)             Turns: 45603, Time: 03:59:07

Health: -1/137     AC: 21    Str: 18    XL:     19   Next: 55%
Magic:  10/36      EV: 21    Int: 15    God:    Hepliaklqana [******]
Gold:   1518       SH: 25    Dex: 13    Spells: 0/44 levels left

rFire   + . .        K - +5 demon trident (pain)
rCold   + + .        k - +8 kite shield of the New World {rN++ Int-3}
rNeg    + + +        L - +1 ring mail of Past Mistakes {rElec rPois rN+}
rPois   +            u - +2 helmet {Int+3}
rElec   +            N - +2 cloak
rCorr   +            J - +2 pair of gloves
SInv    .            o - +0 pair of boots of Quiet Fog {Harm rPois rN++ Int-2}
Will    +....        h - amulet of reflection
Stlth   ++++++       x - ring of Trepidation {rC+ EV+5 Str+5 Stlth+}
HPRegen 0.42/turn    W - ring of flight
MPRegen 0.25/turn

%: harm (+30% outgoing, +20% incoming), reflection
@: resistant, forested, flying, studying 2 skills
A: reduced essence, fangs 1, strong nose, distributed training
}: 1/15 runes: gossamer
a: Renounce Religion, Recall Ancestor, Ancestor Identity, Transference, Idealise


You were on level 4 of the Shoals.
You worshipped Hepliaklqana.
Hepliaklqana was exalted by your worship.
You visited 7 branches of the dungeon, and saw 33 of its levels.
You also visited: Gauntlet and Ice Cave.

You collected 3885 gold pieces.
You spent 2367 gold pieces at shops.

Inventory:

Hand Weapons
 d - a +9 falchion of flaming
 r - a +9 dagger of holy wrath
 F - the +7 flail of Dagau {elec, Int+2}
   (You bought it in a shop on level 5 of the Dungeon)

   Int+2:     It affects your intelligence (+2).
 K - a +5 demon trident of pain (weapon)
Missiles
 n - 16 curare-tipped darts
 y - 8 silver javelins
Armour
 k - the +8 kite shield of the New World (worn) {rN++ Int-3}
   (You took it off Donald on level 2 of the Spider Nest)

   Int-3:     It affects your intelligence (-3).
   rN++:      It greatly protects you from negative energy.
 o - the +0 pair of boots of Quiet Fog (worn) {Harm rPois rN++ Int-2}
   (You found it in a Gauntlet)

   Int-2:     It affects your intelligence (-2).
   rPois:     It protects you from poison rN++: It greatly protects you from
   negative energy.
   Harm:      It increases damage dealt and taken.
 u - a +2 helmet of intelligence (worn)
 J - a +2 pair of gloves (worn)
 L - the +1 ring mail of Past Mistakes (worn) {rElec rPois rN+}
   (You found it on level 13 of the Dungeon)

   rElec:     It insulates you from electricity.
   rPois:     It protects you from poison rN+: It protects you from negative
   energy.
 N - a +2 cloak (worn)
Jewellery
 c - a ring of magical power
 h - an amulet of reflection (around neck)
 q - the ring "Ymix" {rPois Will+}
   (You took it off a minotaur in a Gauntlet)

   [ring of poison resistance]

   rPois:     It protects you from poison Will+: It increases your willpower.
 s - the ring of Doubt {Int+6 Dex+4}
   (You found it on level 15 of the Dungeon)

   [ring of intelligence]

   Int+6:     It affects your intelligence (+6).
   Dex+4:     It affects your dexterity (+4).
 t - a +6 ring of strength
 x - the ring of Trepidation (left hand) {rC+ EV+5 Str+5 Stlth+}
   (You took it off a deep elf archer on level 2 of the Elven Halls)

   [ring of evasion]

   EV+5:      It affects your evasion (+5).
   Str+5:     It affects your strength (+5).
   rC+:       It protects you from cold.
   Stlth+:    It makes you more stealthy.
 B - a ring of the Octopus King {Wiz HP+2 AC+2 EV+2 SH+2}
   (You found it on level 15 of the Dungeon)

   [ring of wizardry]

   Wiz:       It improves your spell success rate.
   AC+2:      It affects your AC (+2).
   EV+2:      It affects your evasion (+2).
   HP+2:      It affects your health (+2).
   SH+2:      It affects your SH (+2).
 O - the ring "Pegazeh" {rPois rC+}
   (You found it in an ice cave)

   [ring of protection from cold]

   rC+:       It protects you from cold.
   rPois:     It protects you from poison
 Q - the ring "Dozxis" {EV+5 Dex+5}
   (You found it on level 15 of the Dungeon)

   [ring of evasion]

   EV+5:      It affects your evasion (+5).
   Dex+5:     It affects your dexterity (+5).
 R - a ring of resist corrosion
 S - the ring "Yseahes" {Contam rPois rC+ Will+ Dex+5}
   (You found it in an ice cave)

   [ring of willpower]

   Dex+5:     It affects your dexterity (+5).
   rC+:       It protects you from cold.
   rPois:     It protects you from poison Will+: It increases your willpower.
   Contam:    It causes magical contamination when unequipped.
 W - a ring of flight (right hand)
Wands
 g - a wand of digging (11)
 i - a wand of flame (84)
 l - a wand of roots (3)
 G - a wand of acid (9)
 M - a wand of paralysis (19)
 U - a wand of mindburst (31)
Scrolls
 e - a scroll of fear
 w - 13 scrolls of teleportation
 z - a scroll of vulnerability
 H - 4 scrolls of poison
 I - 4 scrolls of fog
 X - 2 scrolls of revelation
Potions
 b - 9 potions of attraction
 f - 8 potions of haste
 j - a potion of magic
 m - 8 potions of mutation
 p - 4 potions of might
 v - 10 potions of curing
 A - 6 potions of ambrosia
 C - 2 potions of invisibility
 D - 4 potions of heal wounds
 E - 4 potions of resistance
 P - 6 potions of lignification
 T - 8 potions of enlightenment
 V - 2 potions of brilliance
 Y - a potion of berserk rage
 Z - 3 potions of cancellation


   Skills:
 + Level 14.7 Fighting
 + Level 14.1 Short Blades
 + Level 13.4 Long Blades
 + Level 16.9 Axes
 + Level 18.4 Maces & Flails
 + Level 13.4 Polearms
 + Level 13.4 Staves
 + Level 13.4 Ranged Weapons
 + Level 13.4 Throwing
 + Level 13.4 Armour
 + Level 14.1 Dodging
 + Level 16.1 Stealth
 + Level 13.4 Shields
 + Level 13.4 Unarmed Combat
 + Level 13.4 Spellcasting
 + Level 11.3 Conjurations
 + Level 11.3 Hexes
 + Level 11.3 Summonings
 + Level 11.3 Necromancy
 + Level 11.3 Translocations
 + Level 11.3 Transmutations
 + Level 11.3 Fire Magic
 + Level 11.3 Ice Magic
 + Level 11.3 Air Magic
 + Level 11.3 Earth Magic
 + Level 11.3 Poison Magic
 + Level 14.5 Invocations
 + Level 13.4 Evocations
 + Level 12.3 Shapeshifting


You couldn't memorise any spells.
You knew the following spells:

 Your Spells              Type           Power      Damage    Failure   Level
a - Summon Small Mammal   Summ           100%       N/A       1%          1
b - Confusing Touch       Hex            44%        N/A       1%          3
c - Call Canine Familiar  Summ           44%        N/A       1%          3
d - Summon Guardian Gole  Hex/Summ       44%        N/A       1%          3
e - Summon Ice Beast      Ice/Summ       44%        N/A       1%          4
f - Summon Mana Viper     Hex/Summ       44%        N/A       4%          5
g - Summon Forest         Summ/Tloc      22%        N/A       4%          5
h - Slow                  Hex            100%       N/A       1%          1
i - Dispel Undead         Necr           44%        3d17      1%          4
j - Arcjolt               Conj/Air       22%        1d32      4%          5
k - Hailstorm             Conj/Ice       44%        3d10      1%          3
l - Borgnjor's Vile Clut  Necr/Erth      22%        N/A       4%          5
w - Wereblood             Tmut           44%        N/A       1%          2

Your spell library contained the following spells:

 Spells                   Type           Power      Damage    Failure   Level
 Apportation              Tloc           88%        N/A       1%          1
 Necrotise                Necr           100%       1d9       1%          1
 Call Imp                 Summ           88%        N/A       1%          2
 Cigotuvi's Dreadful Rot  Necr/Pois/Air  88%        N/A       1%          2
 Lesser Beckoning         Tloc           88%        N/A       1%          2
 Sublimation of Blood     Necr           44%        N/A       1%          2
 Gell's Gravitas          Tloc           44%        N/A       1%          3
 Inner Flame              Hex/Fire       44%        N/A       1%          3
 Sigil of Binding         Hex            44%        N/A       1%          3
 Teleport Other           Tloc           44%        N/A       1%          3
 Vampiric Draining        Necr           44%        2d9       1%          3
 Animate Armour           Summ/Erth      88%        N/A       1%          4
 Animate Dead             Necr           44%        N/A       1%          4
 Flame Wave               Conj/Fire      44%        2d11      1%          4
 Sticky Flame             Conj/Fire      44%        2d6       1%          4
 Summon Lightning Spire   Summ/Air       44%        N/A       1%          4
 Vhi's Electric Charge    Tloc/Air       88%        N/A       1%          4
 Agony                    Necr           44%        N/A       4%          5
 Lee's Rapid Deconstruct  Erth           22%        3d12*     4%          5
 Death Channel            Necr           22%        N/A       26%         6
 Simulacrum               Ice/Necr       22%        N/A       26%         6
 Monstrous Menagerie      Summ           22%        N/A       82%         7
 Orb of Destruction       Conj           22%        9d8       82%         7
 Spellforged Servitor     Conj/Summ      22%        N/A       82%         7
 Summon Hydra             Summ           22%        N/A       82%         7
 Maxwell's Capacitive Co  Air            22%        ∞         100%        8
 Dragon's Call            Summ           22%        N/A       100%        9


Dungeon Overview and Level Annotations

Branches:
Dungeon (15/15)            Temple (1/1) D:5            Lair (5/5) D:11
 Shoals (4/4) Lair:3       Spider (4/4) Lair:2        Slime (0/5) Lair:5
    Orc (2/2) D:11            Elf (2/3) Orc:2        Vaults (0/5) D:14
 Depths (0/4) D:15          IceCv (visited)         Gauntlet (visited)

Altars:
Ashenzari
Cheibriados
Dithmenos
Elyvilon
Fedhas
Gozag
Hepliaklqana
Kikubaaqudgha
Makhleb
Nemelex Xobeh
Okawaru
Qazlal
Ru
Sif Muna
Trog
Uskayaw
Vehumet
Wu Jian
Xom
Yredelemnul
Zin
The Shining One
Jiyva

Shops:
D:5 (??   D:10 !   D:15 !*(   Orc:1 (   Orc:2 [!(*   Elf:1 [=(   Elf:2 *
Shoals:2 [*:

Annotations:
D:11 1 runed translucent door, IdlyInterested's ghost, journeyman DsGl
D:15 1 transporter


Innate Abilities, Weirdness & Mutations

Your life essence is reduced to manifest your ancestor. (-10% HP)
You have very sharp teeth.
Your uncanny sense of smell can sniff out nearby items.
Your experience applies equally to all skills.


Message History

The merfolk javelineer is engulfed in blazing flames.
Flame seeps out of the merfolk javelineer.
You puncture the sea snake!
The sea snake writhes in agony!
The sea snake is almost dead.
The sea snake barely misses you.
Your mana viper closely misses the sea snake.
The merfolk javelineer is engulfed in blazing flames.
Flame seeps out of the merfolk javelineer.
The merfolk javelineer throws a javelin.
The javelin pierces through you!!
* * * LOW HITPOINT WARNING * * *
The alligator snapping turtle is engulfed in a cloud of scalding steam.
The alligator snapping turtle explodes!
You hear a shout! x2
You puncture the sea snake!
You kill the sea snake!
The faun no longer looks unusually strong.
Your mana viper bites the faun!
The faun dies!
You hear a splash. x2
Okay, then.
Aiming: Fastroot
Press: ? - help, Shift-Dir - straight line, f - merfolk avatar
Aim: a merfolk avatar (steam, severely wounded, inner flame)
The roots erupt in riotous growth!
Roots grab the merfolk avatar.
The grasping roots constrict the merfolk avatar!
Flame seeps out of the merfolk avatar.
The merfolk avatar is engulfed in a cloud of scalding steam.
The merfolk avatar explodes!
The merfolk javelineer is engulfed in blazing flames.
Flame seeps out of the merfolk javelineer.
The merfolk javelineer throws a javelin.
The javelin pierces through your mana viper!
The javelin pierces through you!
* * * LOW HITPOINT WARNING * * *
The merfolk javelineer is engulfed in a cloud of scalding steam.
The merfolk javelineer throws a silver javelin.
The silver javelin pierces through you!
You die...

≈≈≈≈≈≈≈≈≈≈~~~..
≈≈≈≈≈≈≈≈≈≈~~~..
≈≈≈≈≈≈≈≈≈≈~~~...
≈≈≈≈≈≈≈≈≈~~~~.....
≈≈≈≈≈≈≈≈≈~~~~.^...
≈≈≈≈≈≈≈≈≈~~♣...♣..
≈≈≈≈≈≈≈≈≈~~~......
≈≈≈≈≈≈≈@≈S).)....~
≈≈≈≈≈≈≈≈§§§)§§§.~~
≈≈≈≈≈≈≈≈§§§○☼m#
≈≈≈≈≈≈≈≈§§m§○#°~
≈≈≈≈≈≈≈≈≈§§§#☼#~
≈≈≈≈≈≈≈≈§§§♣m#~~
≈≈≈≈≈≈≈≈≈§§♣m~~≈
≈≈≈≈≈≈≈≈≈☼☼#~♣≈#
≈≈≈≈≈≈≈≈≈≈♣ ~#m≈ ∆


You could see 2 merfolk javelineers and a friendly mana viper (summoned).

Vanquished Creatures
  A golden dragon (IceCv)
  Jorgrun (Orc:2)
  A kraken (Shoals:1)
  Donald (Spider:2)
  Louise (Shoals:1)
  A ghost moth (Spider:4)
  3 emperor scorpions
  3 broodmothers
  A dire elephant (Lair:5)
  A minotaur (Gauntlet)
  An ettin (Orc:2)
  3 merfolk javelineers (Shoals:4)
  3 entropy weavers
  A vault guard (D:15)
  Fannar (D:12)
  3 ice dragons (IceCv)
  2 centaur warriors
  A merfolk avatar (Shoals:4)
  2 hydras
  An alligator snapping turtle (Shoals:4)
  A catoblepas (Lair:5)
  A radroach (Spider:4)
  3 boulder beetles
  A jorogumo (Spider:4)
  A satyr (Shoals:4)
  7 death yaks
  11 dancing weapons
  7 demonic crawlers
  Urug (Lair:5)
  5 deep elf knights
  2 pharaoh ants
  A sea snake (Shoals:4)
  2 skysharks
  2 deep elf archers
  6 orc knights
  A wizard (D:13)
  A flayed ghost (D:15)
  An orb spider (Spider:4)
  14 deep elf pyromancers
  3 steelbarb worms
  9 deep elf zephyrmancers
  A faun (Shoals:4)
  3 manticores
  2 orc sorcerers
  5 wolf spiders
  6 harpies
  A moth of wrath (Spider:4)
  3 cyclopes
  2 ugly things (D:15)
  2 merfolk sirens
  7 black mambas
  A water nymph (Shoals:1)
  4 elephants
  3 storm dragon simulacra (IceCv)
  6 cane toads
  6 rime drakes
  Jeremiah (D:8)
  8 komodo dragons
  3 trolls
  A golden dragon simulacrum (IceCv)
  2 tengu conjurers
  A wind drake (shapeshifter) (D:15)
  3 merfolk
  4 polar bears
  A wind drake (Shoals:2)
  Grinder (D:3)
  A nameless horror (D:14)
  7 blink frogs
  A snapping turtle (Shoals:1)
  A slime creature (D:12)
  A vampire (D:12)
  2 water elementals (Shoals:3)
  2 air elementals
  2 culicivoras (Spider:4)
  12 jumping spiders
  3 wyverns
  A fire bat (Gauntlet)
  2 wraiths
  25 yaks
  A fire elemental (Elf:2)
  5 basilisks
  A steam dragon (D:8)
  6 redbacks
  5 vampire mosquitoes
  Menkaure (D:6)
  An acid dragon (D:12)
  2 wargs
  A hell hound (Gauntlet)
  Duvessa (D:7)
  6 water moccasins
  A floating eye (D:15)
  An ice beast (D:7)
  17 orc warriors
  An ice dragon simulacrum (IceCv)
  2 black bears
  5 ogres
  A centaur (D:9)
  9 wolves
  A phantom (D:7)
  5 kobold brigands
  A lemure (D:7)
  An earth elemental (Elf:2)
  10 bullfrogs
  2 scorpions
  13 wights
  Dowan (D:7)
  2 killer bees
  2 lindwurm simulacra (IceCv)
  2 electric eels (Lair:3)
  3 howler monkeys
  4 hounds
  10 orc priests
  A jelly (Lair:4)
  An iguana (D:3)
  12 orc wizards
  11 adders
  3 gnolls (D:6)
  3 white imps
  An ufetubus (D:7)
  3 worms
  3 dart slugs
  28 orcs
  9 bats
  7 endoplasms
  4 giant cockroaches
  6 goblins
  A hobgoblin (D:6)
  7 jackals
  46 kobolds
  3 quokkas
  A ball python (D:2)
  3 frilled lizards
  A rat (D:3)
527 creatures vanquished.

Vanquished Creatures (collateral kills)
  Arachne (Spider:2)
  A deep elf blademaster (Elf:2)
  Gastronok (Lair:2)
  Kirke (D:15)
  The ghost of notthatgreg the Cruncher, an adept HuRe of Wu Jian (Spider:1)
  Ilsuiw (Shoals:2)
  2 emperor scorpions
  2 ghost moths
  2 frost giants
  2 broodmothers (Spider:4)
  A deep elf demonologist (Elf:1)
  Josephine (Lair:5)
  A deep elf death mage (Elf:1)
  2 ettins (D:15)
  2 entropy weavers
  7 vault guards
  2 great orbs of eyes (D:15)
  5 hydras
  An ice dragon (IceCv)
  2 ogre magi
  A jorogumo (Spider:1)
  2 catoblepae
  4 centaur warriors
  A merfolk aquamancer (Shoals:3)
  2 two-headed ogres
  3 boulder beetles
  A deep troll shaman (Lair:5)
  12 dancing weapons
  A hell hog (Gauntlet)
  4 demonic crawlers
  3 orc high priests (Orc:2)
  4 death yaks
  A skyshark (Shoals:1)
  The ghost of Fractals the Destroyer, a novice TeCj of Vehumet (D:9)
  A sun moth (Spider:1)
  Amaemon (D:10)
  7 deep elf knights
  2 sea snakes
  5 pharaoh ants
  A skeletal warrior (D:15)
  A deep troll (D:15)
  2 steelbarb worms (Spider:4)
  A glowing orange brain (D:15)
  A swamp dragon (shapeshifter) (D:15)
  Pikel (D:7)
  A steelbarb worm (shapeshifter) (D:14)
  An orange crystal statue (IceCv)
  6 deep elf archers
  4 nameless horrors
  6 orb spiders
  7 deep elf zephyrmancers
  2 harpies (Shoals:2)
  3 orc knights
  4 ugly things (D:15)
  3 orc sorcerers
  14 deep elf pyromancers
  9 wolf spiders
  An oklob plant (Lair:3)
  10 cyclopes
  8 manticores
  3 elephants
  8 fauns
  3 black mambas
  4 merfolk sirens
  2 water nymphs
  An orange demon (D:10)
  2 gargoyles (D:13)
  5 torpor snails
  6 cane toads
  Psyche (D:9)
  2 storm dragon simulacra (IceCv)
  2 unseen horrors
  2 efreet (D:15)
  A rime drake (Gauntlet)
  2 tengu conjurers
  2 freezing wraiths
  3 golden dragon simulacra (IceCv)
  2 trolls
  2 wind drakes (Shoals:2)
  2 meliai
  4 merfolk
  Prince Ribbit (D:7)
  2 polar bears
  A blink frog (Lair:1)
  15 tarantellas
  3 dream sheep (Shoals:1)
  2 snapping turtles
  13 jumping spiders
  5 slime creatures
  11 culicivoras
  2 wyverns
  A shadow (D:12)
  2 water elementals
  A spriggan (shapeshifter) (D:15)
  4 wraiths
  2 vampires (D:13)
  A fire elemental (Elf:1)
  3 fire bats (Gauntlet)
  A human (D:14)
  20 yaks
  3 basilisks
  A hog (D:15)
  22 redbacks
  4 vampire mosquitoes
  6 wargs
  An acid dragon (D:11)
  6 water moccasins
  A floating eye (D:15)
  8 orc warriors
  An ice beast (D:6)
  3 ice dragon simulacra (IceCv)
  2 black bears
  An ogre (Orc:2)
  7 wolves
  A lemure (D:7)
  A centaur (D:8)
  2 kobold brigands
  Blork the orc (D:6)
  3 bullfrogs
  2 earth elementals (Elf:1)
  A gnoll sergeant (D:10)
  5 wights
  2 lindwurm simulacra (IceCv)
  A howler monkey (D:8)
  A jelly (Lair:5)
  2 hounds
  11 orc priests
  A gnoll bouda (D:10)
  17 orc wizards
  2 iguanas (D:6)
  10 gnolls
  2 adders
  A white imp (D:8)
  34 orcs
  4 endoplasms
  A goblin (D:4)
  2 hobgoblins
  A jackal (D:1)
  40 kobolds
  3 tentacles (Shoals:1)
546 creatures vanquished.

Vanquished Creatures (others)
  A stone giant (D:15)
  An ice dragon (IceCv)
  An ogre mage (D:15)
  A boulder beetle (D:11)
  A demonic crawler (Spider:2)
  2 tengu warriors (D:15)
  3 deep elf knights (Elf:2)
  A skeletal warrior (D:15)
  A flayed ghost (D:15)
  3 orc knights
  A deep elf pyromancer (Elf:1)
  A lindwurm (shapeshifter) (D:14)
  A deep elf zephyrmancer (Elf:1)
  An orc sorcerer (D:14)
  A cyclops (D:11)
  A storm dragon simulacrum (IceCv)
  A torpor snail (Spider:4)
  A freezing wraith (Shoals:3)
  A troll (Orc:1)
  A meliai (Spider:4)
  A nameless horror (Orc:1)
  A dream sheep (Shoals:1)
  4 tarantellas
  A culicivora (Spider:4)
  3 jumping spiders (Spider:4)
  A wraith (Lair:5)
  4 humans (D:15)
  2 vampire mosquitoes (D:10)
  An acid dragon (D:11)
  4 orc warriors
  2 ice dragon simulacra (IceCv)
  An ogre (Orc:1)
  A wolf (Lair:5)
  2 wights (D:9)
  A lindwurm simulacrum (IceCv)
  4 orc priests
  5 orc wizards
  44 battlemagi
  2 orcs (Orc:1)
  A kobold (D:10)
  5 snaplasher vines
  4 tentacles (Shoals:1)
119 creatures vanquished.

Grand Total: 1192 creatures vanquished

Notes
Turn   | Place    | Note
-------+----------+-------------------------------------------
     0 | D:5      | croobank the Gnoll Delver began the quest for the Orb.
     0 | D:5      | Reached XP level 1. HP: 23/23 MP: 1/1
   120 | D:5      | Found Butru's Magic Scroll Shoppe.
   123 | D:5      | Noticed a hound
   184 | D:5      | Found a staircase to the Ecumenical Temple.
   189 | Temple   | Entered the Ecumenical Temple
   206 | Temple   | Became a worshipper of Hepliaklqana the Forgotten
   261 | D:5      | Found a transporter.
   261 | D:5      | Found Ytuol's Antique Weapon Shop.
   263 | D:5      | Found a transporter.
   288 | D:5      | Found Vuliesoets's Magic Scroll Emporium.
   334 | D:5      | Killed a hound
   335 | D:5      | Reached XP level 2. HP: 10/29 MP: 1/3
   335 | D:5      | Reached XP level 3. HP: 12/35 MP: 1/4
   389 | D:5      | Reached skill level 1 in Invocations
   501 | D:4      | Reached skill level 1 in Long Blades
   501 | D:4      | Reached skill level 1 in Axes
   501 | D:4      | Reached skill level 1 in Maces & Flails
   501 | D:4      | Reached skill level 1 in Polearms
   501 | D:4      | Reached skill level 1 in Staves
   501 | D:4      | Reached skill level 1 in Ranged Weapons
   501 | D:4      | Reached skill level 1 in Throwing
   501 | D:4      | Reached skill level 1 in Armour
   501 | D:4      | Reached skill level 1 in Shields
   501 | D:4      | Reached skill level 1 in Unarmed Combat
   501 | D:4      | Reached skill level 1 in Spellcasting
   501 | D:4      | Reached skill level 1 in Evocations
   660 | D:2      | Reached skill level 1 in Shapeshifting
   660 | D:2      | Reached XP level 4. HP: 23/41 MP: 3/5
   887 | D:2      | Reached skill level 1 in Conjurations
   887 | D:2      | Reached skill level 1 in Hexes
   887 | D:2      | Reached skill level 1 in Summonings
   887 | D:2      | Reached skill level 1 in Necromancy
   887 | D:2      | Reached skill level 1 in Translocations
   887 | D:2      | Reached skill level 1 in Transmutations
   887 | D:2      | Reached skill level 1 in Fire Magic
   887 | D:2      | Reached skill level 1 in Ice Magic
   887 | D:2      | Reached skill level 1 in Air Magic
   887 | D:2      | Reached skill level 1 in Earth Magic
   887 | D:2      | Reached skill level 1 in Poison Magic
  1113 | D:1      | Reached * piety under Hepliaklqana
  1190 | D:1      | Found a faded altar of an unknown god.
  1442 | D:1      | Identified a scroll of acquirement
  1897 | D:2      | Reached XP level 5. HP: 42/42 MP: 5/7
  2219 | D:3      | Acquired a manual of Maces & Flails
  2542 | D:3      | Noticed Grinder
  2547 | D:3      | Killed Grinder
  2548 | D:3      | Reached skill level 5 in Short Blades
  2548 | D:3      | Reached skill level 2 in Maces & Flails
  2548 | D:3      | Reached skill level 5 in Dodging
  2548 | D:3      | Reached XP level 6. HP: 47/47 MP: 7/9
  2933 | D:3      | Reached ** piety under Hepliaklqana
  2934 | D:3      | Remembered your ancestor Hrothgar as a battlemage
  3172 | D:4      | Found an ancient bone altar of Kikubaaqudgha.
  3177 | D:4      | Found a sacrificial altar of Ru.
  3177 | D:4      | Found a stormy altar of Qazlal.
  3188 | D:4      | Found a glowing silver altar of Zin.
  3191 | D:4      | Found an opulent altar of Gozag.
  3494 | D:5      | Reached XP level 7. HP: 52/53 MP: 8/10
  3517 | D:5      | Reached skill level 3 in Maces & Flails
  3717 | D:5      | Reached skill level 10 in Stealth
  4157 | D:6      | Noticed Blork the orc
  4165 | D:6      | Killed Blork the orc
  4166 | D:6      | Reached XP level 8. HP: 32/60 MP: 6/12
  4311 | D:6      | Noticed Menkaure
  4322 | D:6      | Reached skill level 4 in Maces & Flails
  4326 | D:6      | Killed Menkaure
  4566 | D:5      | Bought a bloodstained flail for 289 gold pieces
  4566 | D:5      | Identified the +7 flail of Dagau {elec, Int+2} (You bought
                  | it in a shop on level 5 of the Dungeon)
  5030 | D:6      | Reached skill level 5 in Maces & Flails
  5323 | D:6      | Reached *** piety under Hepliaklqana
  5648 | D:6      | Reached XP level 9. HP: 30/65 MP: 7/15
  5933 | D:7      | Noticed Prince Ribbit
  5941 | D:7      | Killed Prince Ribbit
  5984 | D:7      | Noticed Pikel
  5992 | D:7      | Killed Pikel
  5993 | D:7      | Reached skill level 6 in Maces & Flails
  5994 | D:7      | Reached skill level 5 in Invocations
  6025 | D:7      | Noticed Duvessa
  6030 | D:7      | Killed Duvessa
  6035 | D:7      | Noticed Dowan
  6044 | D:7      | Killed Dowan
  6285 | D:7      | Identified the +1 chain mail of the Salamander {*Slow rElec
                  | rC+ rN++}
  6647 | D:7      | Reached XP level 10. HP: 71/72 MP: 17/17
  6988 | D:8      | Noticed Maurice
  6992 | D:8      | Maurice changed into Maurice the hound
  6992 | D:8      | Noticed Maurice
  6993 | D:8      | Killed Maurice the hound
  6994 | D:8      | Reached skill level 7 in Maces & Flails
  7038 | D:8      | Reached skill level 5 in Long Blades
  7038 | D:8      | Reached skill level 5 in Axes
  7038 | D:8      | Reached skill level 5 in Polearms
  7038 | D:8      | Reached skill level 5 in Staves
  7038 | D:8      | Reached skill level 5 in Ranged Weapons
  7038 | D:8      | Reached skill level 5 in Throwing
  7038 | D:8      | Reached skill level 5 in Armour
  7038 | D:8      | Reached skill level 5 in Shields
  7038 | D:8      | Reached skill level 5 in Unarmed Combat
  7038 | D:8      | Reached skill level 5 in Spellcasting
  7038 | D:8      | Reached skill level 5 in Evocations
  7038 | D:8      | Noticed a two-headed ogre
  7039 | D:8      | Noticed Jeremiah
  7050 | D:8      | Killed Jeremiah
  7052 | D:8      | Killed a two-headed ogre
  7177 | D:8      | Found a snail-covered altar of Cheibriados.
  7238 | D:8      | Reached skill level 5 in Shapeshifting
  7347 | D:8      | Reached skill level 8 in Maces & Flails
  7373 | D:8      | Noticed a five-headed hydra
  7379 | D:8      | Learned a level 1 spell: Summon Small Mammal
  7383 | D:8      | Learned a level 3 spell: Call Canine Familiar
  7387 | D:8      | Learned a level 3 spell: Summon Guardian Golem
  7413 | D:8      | Killed a five-headed hydra
  7414 | D:8      | Reached XP level 11. HP: 33/78 MP: 1/19
  7652 | D:8      | Reached **** piety under Hepliaklqana
  7883 | D:9      | Noticed Psyche
  7885 | D:9      | Killed Psyche
  7886 | D:9      | Reached skill level 5 in Conjurations
  7886 | D:9      | Reached skill level 5 in Hexes
  7886 | D:9      | Reached skill level 5 in Summonings
  7886 | D:9      | Reached skill level 5 in Necromancy
  7886 | D:9      | Reached skill level 5 in Translocations
  7886 | D:9      | Reached skill level 5 in Transmutations
  7886 | D:9      | Reached skill level 5 in Fire Magic
  7886 | D:9      | Reached skill level 5 in Ice Magic
  7886 | D:9      | Reached skill level 5 in Air Magic
  7886 | D:9      | Reached skill level 5 in Earth Magic
  7886 | D:9      | Reached skill level 5 in Poison Magic
  8103 | D:9      | Noticed a catoblepas
  8120 | D:9      | Killed a catoblepas
  8928 | D:9      | Found a runed translucent gate.
  8929 | D:9      | Found a runed translucent gate.
  8929 | D:9      | Found a runed translucent gate.
  8931 | D:9      | Noticed Fractals's ghost (novice TeCj)
  8952 | D:9      | Killed Fractals's ghost
  8953 | D:9      | Reached skill level 9 in Maces & Flails
  9000 | D:10     | Entered Level 10 of the Dungeon
  9212 | D:10     | Found Majoz's Distillery.
  9217 | D:10     | Bought a potion of lignification for 33 gold pieces
  9217 | D:10     | Bought a potion of brilliance for 44 gold pieces
  9217 | D:10     | Bought a potion of cancellation for 88 gold pieces
  9514 | D:10     | Acquired a book of Debilitation
  9520 | D:10     | Learned a level 3 spell: Confusing Touch
  9535 | D:10     | Noticed Amaemon
  9555 | D:10     | Killed Amaemon
 10195 | D:11     | Noticed a two-headed ogre
 10209 | D:11     | Killed a two-headed ogre
 10300 | D:11     | Reached ***** piety under Hepliaklqana
 10307 | D:11     | Found a runed translucent door.
 10307 | D:11     | Found a shimmering altar of Xom.
 10307 | D:11     | Noticed a +2 morningstar of chaos
 10307 | D:11     | Noticed IdlyInterested's ghost (journeyman DsGl)
 10363 | D:11     | Found a staircase to the Orcish Mines.
 10468 | D:11     | Noticed a boulder beetle
 10474 | D:11     | Noticed a cyclops
 10486 | D:11     | Killed a cyclops
 10496 | D:11     | Killed a boulder beetle
 10751 | D:11     | Reached XP level 12. HP: 87/87 MP: 16/22
 10870 | D:11     | Found a staircase to the Lair.
 11314 | D:12     | Reached skill level 10 in Maces & Flails
 11567 | D:12     | Noticed Fannar
 11584 | D:12     | Killed Fannar
 11686 | D:12     | Reached skill level 10 in Fighting
 12112 | Lair:1   | Entered Level 1 of the Lair of Beasts
 12126 | Lair:1   | Found a gate leading to a gauntlet.
 12149 | Gauntlet | Entered a Gauntlet
 12149 | Gauntlet | Found a transporter.
 12149 | Gauntlet | Found a transporter.
 12162 | Gauntlet | Found a transporter.
 12164 | Gauntlet | Found a transporter.
 12168 | Gauntlet | Found a runed translucent gate.
 12168 | Gauntlet | Found a runed translucent gate.
 12168 | Gauntlet | Found a runed translucent gate.
 12170 | Gauntlet | Found a transporter.
 12173 | Gauntlet | Found a transporter.
 12206 | Gauntlet | Found a transporter.
 12221 | Gauntlet | Found a transporter.
 12231 | Gauntlet | Found a transporter.
 12234 | Gauntlet | Found a transporter.
 12236 | Gauntlet | Noticed a hell hog
 12238 | Gauntlet | Noticed a quicksilver ooze
 12244 | Gauntlet | Found a transporter.
 12244 | Gauntlet | Found a transporter.
 12299 | Gauntlet | Learned a level 1 spell: Slow
 12441 | Gauntlet | Upgraded the game from 0.31-a0-875-g02e7d12df6 to
                  | 0.31-a0-876-gfe8ebadbca
 12805 | Gauntlet | Killed a hell hog
 12824 | Gauntlet | Identified the +0 pair of boots of Quiet Fog {Harm rPois
                  | rN++ Int-2}
 12871 | Gauntlet | Learned a level 4 spell: Summon Ice Beast
 12875 | Gauntlet | Learned a level 3 spell: Hailstorm
 12886 | Gauntlet | Identified the ring "Ymix" {rPois Will+}
 12886 | Gauntlet | Noticed a minotaur
 12899 | Gauntlet | Killed a minotaur
 13220 | Lair:1   | Reached skill level 11 in Maces & Flails
 13396 | Lair:1   | Reached XP level 13. HP: 67/93 MP: 23/25
 14202 | D:5      | Bought a scroll of poison for 56 gold pieces
 14202 | D:5      | Bought a scroll of enchant armour for 105 gold pieces
 14202 | D:5      | Bought a scroll of silence for 133 gold pieces
 15123 | Lair:2   | Learned a level 4 spell: Dispel Undead
 15129 | Lair:2   | Learned a level 5 spell: Summon Mana Viper
 15159 | Lair:2   | Noticed Gastronok
 15173 | Lair:2   | Killed Gastronok
 15183 | Lair:2   | Found a hole to the Spider Nest.
 15597 | Lair:2   | Reached ****** piety under Hepliaklqana
 15811 | Lair:3   | You fall into a shaft and drop 1 floor!
 15825 | Lair:4   | Reached skill level 12 in Maces & Flails
 16122 | Lair:3   | Reached skill level 10 in Short Blades
 16122 | Lair:3   | Reached skill level 10 in Dodging
 16525 | Lair:3   | Found a staircase to the Shoals.
 16568 | Lair:3   | Found a bloodstained altar of Trog.
 16572 | Lair:3   | Found a radiant altar of Vehumet.
 16662 | Lair:3   | Reached skill level 10 in Axes
 16662 | Lair:3   | Reached XP level 14. HP: 84/101 MP: 16/27
 17450 | Lair:4   | Reached skill level 10 in Invocations
 18241 | Lair:4   | Reached skill level 13 in Maces & Flails
 18576 | Lair:5   | Entered Level 5 of the Lair of Beasts
 19169 | Lair:5   | Found a staircase to the Slime Pits.
 19169 | Lair:5   | Found a viscous altar of Jiyva.
 19577 | Lair:5   | Noticed Urug
 19586 | Lair:5   | Killed Urug
 20021 | Lair:5   | Noticed Josephine
 20291 | Lair:5   | Killed Josephine
 20355 | Lair:5   | Found a burning altar of Makhleb.
 20397 | Lair:5   | Identified the +2 helmet of the Well-Known Dreams {rN++
                  | Will+ Int+5}
 20698 | Lair:5   | Noticed a dire elephant
 20706 | Lair:5   | Reached XP level 15. HP: 50/108 MP: 20/28
 21017 | Lair:5   | Identified the +2 scale mail of Sloth {Drain Str+2 Dex+3}
 21215 | D:13     | Reached skill level 10 in Long Blades
 21215 | D:13     | Reached skill level 10 in Polearms
 21215 | D:13     | Reached skill level 10 in Staves
 21215 | D:13     | Reached skill level 10 in Ranged Weapons
 21215 | D:13     | Reached skill level 10 in Throwing
 21215 | D:13     | Reached skill level 10 in Armour
 21215 | D:13     | Reached skill level 10 in Shields
 21215 | D:13     | Reached skill level 10 in Unarmed Combat
 21215 | D:13     | Reached skill level 10 in Spellcasting
 21215 | D:13     | Reached skill level 10 in Evocations
 21349 | D:13     | Learned a level 2 spell: Wereblood
 21623 | D:13     | Identified the +1 ring mail of Past Mistakes {rElec rPois
                  | rN+}
 22063 | D:14     | Reached skill level 14 in Maces & Flails
 23126 | D:14     | Found a gate to the Vaults.
 23305 | D:15     | Entered Level 15 of the Dungeon
 23543 | D:15     | Found Ulaungoruh's Distillery.
 23560 | D:15     | Bought 2 potions of might for 136 gold pieces
 23560 | D:15     | Bought 2 potions of might for 136 gold pieces
 23814 | D:15     | Paralysed by a floating eye for 3 turns
 23920 | D:15     | Found Veac's General Store.
 23941 | D:15     | Bought a +2 helmet of intelligence for 365 gold pieces
 24266 | D:15     | Identified the +0 ring mail of Xemmuom {SInv}
 24338 | D:15     | Reached XP level 16. HP: 116/116 MP: 16/30
 24473 | D:15     | Found Ontafyts's Weapon Emporium.
 24759 | D:15     | Found the ring of the Octopus King
 24793 | D:15     | Identified a ring of the Octopus King {Wiz HP+2 AC+2 EV+2
                  | SH+2}
 24924 | D:15     | Reached skill level 10 in Shapeshifting
 24943 | D:15     | Found a transporter.
 24955 | D:15     | Reached skill level 15 in Maces & Flails
 25024 | D:15     | Identified the ring "Dozxis" {EV+5 Dex+5}
 25112 | D:15     | Noticed Kirke
 25127 | D:15     | Killed Kirke
 25139 | D:15     | Found a transporter.
 25337 | D:15     | Found a staircase to the Depths.
 25520 | D:15     | Identified the ring of Doubt {Int+6 Dex+4}
 25818 | Orc:1    | Entered Level 1 of the Orcish Mines
 25841 | Orc:2    | Entered Level 2 of the Orcish Mines
 25891 | Orc:2    | Noticed Jorgrun
 25917 | Orc:2    | Killed Jorgrun
 26138 | Orc:1    | Found Vaesk's Antique Weapon Shoppe.
 28140 | Orc:2    | Found Icy Jocs's Distillery.
 28140 | Orc:2    | Found Figosurph's Armour Shoppe.
 28142 | Orc:2    | Found Cakytu's Assorted Antiques.
 28142 | Orc:2    | Found Qaucafoff's Antique Weapon Shoppe.
 28148 | Orc:2    | Bought a potion of invisibility for 144 gold pieces
 28151 | Orc:2    | Bought a scroll of enchant armour for 262 gold pieces
 28437 | Orc:2    | Found a staircase to the Elven Halls.
 28578 | Spider:1 | Entered Level 1 of the Spider Nest
 30072 | Spider:1 | Found a runed translucent door.
 30591 | Spider:1 | Noticed notthatgreg's ghost (adept HuRe)
 30660 | Spider:1 | Killed notthatgreg's ghost
 31051 | Spider:2 | Identified the +8 kite shield of the New World {rN++ Int-3}
 31051 | Spider:2 | Noticed Donald
 31073 | Spider:2 | Killed Donald
 31386 | Spider:2 | Noticed Arachne
 31417 | Spider:2 | Killed Arachne
 31418 | Spider:2 | Reached XP level 17. HP: 115/122 MP: 18/32
 31781 | Spider:2 | Identified the +0 scale mail "Turear" {-Tele MP+9 Dex+4}
 32520 | Spider:3 | Reached skill level 16 in Maces & Flails
 33392 | Spider:4 | Entered Level 4 of the Spider Nest
 33433 | Spider:4 | Reached skill level 10 in Conjurations
 33433 | Spider:4 | Reached skill level 10 in Hexes
 33433 | Spider:4 | Reached skill level 10 in Summonings
 33433 | Spider:4 | Reached skill level 10 in Necromancy
 33433 | Spider:4 | Reached skill level 10 in Translocations
 33433 | Spider:4 | Reached skill level 10 in Transmutations
 33433 | Spider:4 | Reached skill level 10 in Fire Magic
 33433 | Spider:4 | Reached skill level 10 in Ice Magic
 33433 | Spider:4 | Reached skill level 10 in Air Magic
 33433 | Spider:4 | Reached skill level 10 in Earth Magic
 33433 | Spider:4 | Reached skill level 10 in Poison Magic
 33945 | Spider:4 | Learned a level 5 spell: Arcjolt
 34240 | Spider:4 | Reached skill level 15 in Stealth
 34839 | Spider:4 | Identified the +0 robe of Fuod {rN+ Will++ Dex+5}
 35073 | Spider:4 | Reached skill level 15 in Axes
 35158 | Spider:4 | HP: 3/124 [emperor scorpion (7)]
 35817 | Spider:4 | Reached XP level 18. HP: 74/130 MP: 2/34
 35838 | Spider:4 | Identified the +1 ring mail "Takk" {Regen+ Str+3}
 35963 | Spider:4 | Got a gossamer rune of Zot
 36621 | Elf:1    | Entered Level 1 of the Elven Halls
 36705 | Elf:1    | Reached skill level 17 in Maces & Flails
 37433 | Elf:1    | Got a vibrant book
 37441 | Elf:1    | Learned a level 5 spell: Summon Forest
 37551 | Elf:1    | Paralysed by an air elemental for 1 turns
 37556 | Elf:1    | Paralysed by an air elemental for 1 turns
 38074 | Elf:1    | Found Xisum's Antique Weapon Boutique.
 38076 | Elf:1    | Found Quboosu's Jewellery Shop.
 38079 | Elf:1    | Found Peteob's Antique Armour Boutique.
 38748 | Elf:2    | Identified the +0 chain mail "Kejoluesk" {Str+5 Int-2
                  | Dex+3}
 38751 | Elf:2    | Got a fuliginous book
 38935 | Elf:2    | Found Cyow's General Store.
 39124 | Elf:2    | Identified the ring of Trepidation {rC+ EV+5 Str+5 Stlth+}
 39552 | Elf:1    | Found an ancient bone altar of Kikubaaqudgha.
 39735 | Elf:2    | Found a runed translucent gate.
 39735 | Elf:2    | Found a runed translucent gate.
 39735 | Elf:2    | Found a runed translucent gate.
 40223 | Elf:2    | Noticed a deep elf blademaster
 40234 | Elf:2    | Killed a deep elf blademaster
 41159 | Shoals:1 | Entered Level 1 of the Shoals
 41350 | Shoals:1 | Noticed Louise
 41398 | Shoals:1 | Killed Louise
 42024 | Shoals:1 | Reached XP level 19. HP: 137/137 MP: 27/36
 42138 | Shoals:1 | Identified the +1 trident of Ru's Displeasure {antimagic,
                  | SInv}
 42719 | Shoals:2 | Found Delich's Book Shoppe.
 42727 | Shoals:2 | Bought a book of Unlife for 576 gold pieces
 42733 | Shoals:2 | Learned a level 5 spell: Borgnjor's Vile Clutch
 42922 | Shoals:2 | Reached skill level 18 in Maces & Flails
 42923 | Shoals:2 | Found Jiboil's General Store.
 42965 | Shoals:2 | Noticed Ilsuiw
 42983 | Shoals:2 | Killed Ilsuiw
 43222 | Shoals:2 | Found Bahram Gur's Dragon-Slaying Spoils.
 43764 | Shoals:3 | Found a frozen archway.
 43810 | IceCv    | Entered an ice cave
 43913 | IceCv    | Noticed a golden dragon
 43935 | IceCv    | Killed a golden dragon
 44307 | IceCv    | Identified the ring "Yseahes" {Contam rPois rC+ Will+
                  | Dex+5}
 44308 | IceCv    | Identified the +0 hat of Boredom {-Cast Str+4}
 44309 | IceCv    | Identified the ring "Pegazeh" {rPois rC+}
 45555 | Shoals:4 | Entered Level 4 of the Shoals
 45603 | Shoals:4 | Hit by a silver javelin thrown by a merfolk javelineer

Illustrated notes

Levels and vault maps discovered:
D:1:      lightli_arrival_boilingwater, layout_loops_ring,
          hellmonk_ecumenical_altar_dog_temple
D:2:      layout_rooms, kennysheep_doodads, dk_noncrumbling_4,
          minmay_misc_feat_five, chequers_serial_rivers_micro_a,
          item_on_display_a
D:3:      layout_basic, uniq_grinder
D:4:      layout_basic, minmay_overflow_temple_star_hex
D:5:      layout_loops_ring, minmay_temple_entry_drinking_statues, serial_shops,
          shop, shop, nicolae_shop_drivethru, hangedman_decor_push
D:6:      minmay_goblin_kobold_castle, layout_gridville,
          chequers_decorated_corner, nicolae_the_louvre, uniq_menkaure,
          uniq_blork_the_orc
D:7:      hellmonk_ruined_rings, layout_loops_ring, serial_rivers,
          chequers_serial_rivers_micro_e, chequers_serial_rivers_small_3,
          chequers_serial_rivers_micro_e, chequers_serial_rivers_large_a,
          chequers_serial_rivers_small_3, chequers_serial_rivers_large_b,
          uniq_pikel, uniq_duvessa, uniq_prince_ribbit1
D:8:      minmay_chambers_of_fours, layout_loops_ring,
          mainiacjoe_overflow_small_starburst, uniq_maurice, uniq_jeremiah
D:9:      layout_basic, ebering_ghost_rock_garden, uniq_psyche
D:10:     hellmonk_crumbling_castle, layout_basic, serial_shops, shop_statue,
          uniq_amaemon
D:11:     layout_cave_pods, lair_entry_dummy, minmay_orc_entry_guard_dogs,
          ebering_ghost_xom, minivault_5
D:12:     layout_long_grid, uniq_fannar
D:13:     layout_cave_pools, serial_bayou_pond_d
D:14:     layout_irregular_city, grunt_vaults_entry_fortified,
          hangedman_decor_points
D:15:     hangedman_spin_cycle, uniq_kirke
Temple:   nicolae_temple_elliptical
Lair:1:   layout_long_grid, gauntlet_entry_generic
Lair:2:   layout_chaotic_city, nicolae_spider_entry_lesser_pyramids,
          uniq_gastronok
Lair:3:   layout_gridlike, elwin_shoals_entry_rooms, basic_altar,
          lemuel_oklob_altar, grunt_megastairs_5, serial_bayou_shore_b,
          infiniplex_staircase_pool_2
Lair:4:   layout_regular_city, lemuel_fruit_tree, serial_bayou_shore_b,
          grunt_megastairs_3
Lair:5:   grunt_lair_end_beastmaster, layout_long_grid,
          nicolae_slime_entry_slimehenge, basic_altar, uniq_urug, uniq_josephine
Shoals:1: layout_shoals, nicolae_shoals_kraken_intersection, uniq_louise
Shoals:2: layout_shoals, serial_shops, nicolae_book_shop_shelving,
          nicolae_take_the_stairs, nicolae_shop_dragon_depot, st_cyclops,
          uniq_ilsuiw
Shoals:3: layout_shoals, portal_ice_cave_entry_frozen_things,
          nicolae_shoals_lost_giant_baths
Shoals:4: shoals_end_hangedman, layout_shoals
Spider:1: layout_chambers, ebering_ghost_reflecting_pool
Spider:2: layout_chambers, uniq_arachne, uniq_donald
Spider:3: layout_spider_delve
Spider:4: hellmonk_spider_rune_endless_swarm, nicolae_crawler_farm
Orc:1:    layout_caves, serial_shops, nicolae_shop_tiny_waterfront
Orc:2:    grunt_orc_tribal_feast, layout_caves, uniq_jorgrun
Elf:1:    layout_geoelf_octagon, minmay_elf_demonology, lemuel_upstairs_altar,
          minmay_shop_star
Elf:2:    nicolae_elf_blades_splatter_lattice [nicolae_blade_little_rooms],
          layout_loops_cross, serial_shops, nicolae_shop_tiny_statue_garden,
          grunt_ministairs_13

Skill      XL: |  1  2  3  4  5  6  7  8  9 10 11 12 13 14 15 16 17 18 19 |
---------------+----------------------------------------------------------+-----
Stealth        | 10 11 12 13 14 15 16 | 16.1
Invocations    | 1 2 3 4 5 6 7 8 9 10 11 12 13 14 | 14.5
Long Blades    | 1 2 4 5 6 8 9 10 11 12 13 | 13.4
Axes           | 1 2 4 5 6 8 10 11 12 14 15 16 | 16.9
Maces & Flails | 1 2 3 5 6 8 9 11 12 13 14 15 16 17 18 | 18.4
Polearms       | 1 2 4 5 6 8 9 10 11 12 13 | 13.4
Staves         | 1 2 4 5 6 8 9 10 11 12 13 | 13.4
Ranged Weapons | 1 2 4 5 6 8 9 10 11 12 13 | 13.4
Throwing       | 1 2 4 5 6 8 9 10 11 12 13 | 13.4
Armour         | 1 2 4 5 6 8 9 10 11 12 13 | 13.4
Shields        | 1 2 4 5 6 8 9 10 11 12 13 | 13.4
Unarmed Combat | 1 2 4 5 6 8 9 10 11 12 13 | 13.4
Spellcasting   | 1 2 4 5 6 8 9 10 11 12 13 | 13.4
Evocations     | 1 2 4 5 6 8 9 10 11 12 13 | 13.4
Shapeshifting  | 1 2 3 4 5 6 7 8 9 10 11 12 | 12.3
Conjurations   | 1 2 3 4 5 6 7 8 9 10 11 | 11.3
Hexes          | 1 2 3 4 5 6 7 8 9 10 11 | 11.3
Summonings     | 1 2 3 4 5 6 7 8 9 10 11 | 11.3
Necromancy     | 1 2 3 4 5 6 7 8 9 10 11 | 11.3
Translocations | 1 2 3 4 5 6 7 8 9 10 11 | 11.3
Transmutations | 1 2 3 4 5 6 7 8 9 10 11 | 11.3
Fire Magic     | 1 2 3 4 5 6 7 8 9 10 11 | 11.3
Ice Magic      | 1 2 3 4 5 6 7 8 9 10 11 | 11.3
Air Magic      | 1 2 3 4 5 6 7 8 9 10 11 | 11.3
Earth Magic    | 1 2 3 4 5 6 7 8 9 10 11 | 11.3
Poison Magic   | 1 2 3 4 5 6 7 8 9 10 11 | 11.3
Short Blades   | 5 6 7 8 9 10 11 12 13 14 | 14.1
Dodging        | 5 6 7 8 9 10 11 12 13 14 | 14.1
Fighting       | 7 8 9 10 11 12 13 14 | 14.7

Action                     |  1- 3 |  4- 6 |  7- 9 | 10-12 | 13-15 | 16-18 | 19-21 || total
---------------------------+-------+-------+-------+-------+-------+-------+-------++-------
  Melee: Short sword       |   103 |   111 |       |       |       |       |       ||   214
         Bite              |     3 |    21 |    13 |    34 |    83 |    91 |     6 ||   251
         Punch             |     2 |     1 |     6 |     4 |       |       |       ||    13
         Dagger            |       |    83 |    81 |       |   122 |   283 |       ||   569
         Flail             |       |       |   122 |   188 |   339 |   452 |       ||  1101
         Unarmed           |       |       |       |    84 |       |       |       ||    84
         Falchion          |       |       |       |       |    91 |       |       ||    91
         Demon trident     |       |       |       |       |       |       |    63 ||    63
  Throw: Boomerang         |       |       |       |     1 |       |       |       ||     1
   Cast: Summon Guardian G |       |       |       |    26 |    25 |    67 |    12 ||   130
         Call Canine Famil |       |       |       |    25 |    24 |    96 |    13 ||   158
         Summon Small Mamm |       |       |       |    31 |     4 |    29 |     3 ||    67
         Confusing Touch   |       |       |       |    11 |    24 |    17 |       ||    52
         Summon Ice Beast  |       |       |       |       |    17 |    66 |    10 ||    93
         Summon Mana Viper |       |       |       |       |    22 |   146 |    16 ||   184
         Dispel Undead     |       |       |       |       |       |     4 |       ||     4
         Slow              |       |       |       |       |       |     1 |       ||     1
         Summon Forest     |       |       |       |       |       |    12 |    10 ||    22
         Borgnjor's Vile C |       |       |       |       |       |       |     3 ||     3
 Invoke: Ancestor Life: Ba |       |     1 |       |       |       |       |       ||     1
         Recall Ancestor   |       |       |       |       |     2 |     5 |       ||     7
         Idealise          |       |       |       |       |     1 |     4 |     2 ||     7
  Evoke: Wand              |       |       |     2 |     6 |    13 |    31 |     4 ||    56
    Use: Scroll            |     2 |    12 |     5 |     9 |    20 |    19 |     3 ||    70
         Potion            |     2 |       |       |     4 |     2 |    13 |     2 ||    23
   Stab: Sleeping          |     2 |    19 |     6 |     8 |    22 |    18 |     1 ||    76
         Distracted        |       |     3 |     2 |     2 |     9 |    16 |     2 ||    34
         Confused          |       |       |       |     6 |    11 |     3 |       ||    20
         Paralysed         |       |       |       |     2 |     4 |     1 |       ||     7
 Armour: Leather armour    |    35 |    66 |   128 |   124 |    76 |       |       ||   429
         Robe              |       |       |       |    16 |       |       |       ||    16
         Acid dragon scale |       |       |       |       |   198 |    61 |       ||   259
         Ring mail         |       |       |       |       |    15 |   312 |    45 ||   372
  Dodge: Dodged            |    65 |    85 |   152 |   227 |   293 |   203 |    21 ||  1046
  Block: Buckler           |       |       |       |    70 |   294 |   133 |       ||   497
         Reflection        |       |       |       |     2 |    10 |    35 |    21 ||    68
         Kite shield       |       |       |       |       |       |   649 |    66 ||   715

Table legend: (Time is in decaauts)
 A = Elapsed time spent in this place.
 B = Non-inter-level travel time spent in this place.
 C = Inter-level travel time spent in this place.
 D = Time resting spent in this place.
 E = Time spent auto-exploring this place.
 F = Levels seen in this place.
 G = Mean time per level.
                   A        B        C        D        E       F      G
               +--------+--------+--------+--------+--------+-----+--------+
         Total |  45475 |  42686 |   2789 |  11810 |  20279 |  35 | 1299.3 |
       Dungeon |  17386 |  16032 |   1354 |   2866 |   9126 |  15 | 1159.1 |
        Temple |     34 |      1 |     33 |      0 |      0 |   1 |   34.0 |
          Lair |   7559 |   6861 |    698 |   2008 |   3382 |   5 | 1511.8 |
        Shoals |   3838 |   3723 |    115 |    120 |   3002 |   4 |  959.5 |
   Spider Nest |   7867 |   7560 |    307 |   2630 |   3031 |   4 | 1966.8 |
  Orcish Mines |   2730 |   2621 |    109 |   1197 |    702 |   2 | 1365.0 |
   Elven Halls |   4361 |   4190 |    171 |   2160 |    905 |   2 | 2180.5 |
      Ice Cave |    754 |    754 |      0 |    397 |    117 |   1 |  754.0 |
      Gauntlet |    942 |    942 |      0 |    432 |     12 |   1 |  942.0 |
               +--------+--------+--------+--------+--------+-----+--------+

Top non-repeatable levels by time:
Spider:4: 2952 daAuts
   Elf:2: 2445 daAuts
    D:15: 2369 daAuts
Spider:1: 2245 daAuts
  Lair:4: 2106 daAuts
     D:6: 1918 daAuts
   Elf:1: 1915 daAuts
Spider:2: 1714 daAuts
  Lair:5: 1654 daAuts
    D:11: 1537 daAuts
  Lair:3: 1497 daAuts
   Orc:2: 1465 daAuts
Shoals:1: 1402 daAuts
    D:14: 1377 daAuts
     D:9: 1331 daAuts
